 Dungeon Crawl Stone Soup version 0.31.0-32-g396128a36d (webtiles) character file.

Game seed: 5247058601757340683

49 Killerpretzel the Changeling (level 3, -5/24 HPs)
             Began as an Octopode Shapeshifter on Mar 8, 2024.
             Slain by a black bear (7 damage)
             ... on level 3 of the Dungeon.
             The game lasted 00:03:16 (1458 turns).

Killerpretzel the Changeling (OpSh)                 Turns: 1458, Time: 00:03:17

Health: -5/24      AC:  1    Str: 13    XL:     3   Next: 75%
Magic:  3/3        EV: 13    Int: 12    God:
Gold:   76         SH:  0    Dex: 13    Spells: 2/2 levels left

rFire   . .          .
                       - Unarmed
rCold   . . .        (no shield)
rNeg    . . .        (helmet currently unavailable)
rPois   .            (no amulet)
rElec   .            f - ring of wizardry
rCorr   .            (no ring)
SInv    .            (no ring)
Will    .....        (no ring)
Stlth   ++           (no ring)
HPRegen 0.24/turn    (no ring)
MPRegen 0.08/turn    (no ring)
                     (no ring)

%: wizardry (x1)
@: lethally poisoned (-5 -> -9), beast-form
A: beast (slay +2), almost no armour, amphibious, 8 rings, camouflage 1,
gelatinous body 1, (nimble swimmer 1), tentacles
a: Begin Untransformation


You were on level 3 of the Dungeon.
You were a hulking beast.
You visited 1 branch of the dungeon, and saw 3 of its levels.

You collected 76 gold pieces.

Inventory:

Missiles
 k - 3 boomerangs
Jewellery
 f - a ring of wizardry (left tentacle)
Talismans
 b - a beast talisman
 c - a flux talisman
Potions
 a - a potion of lignification
 d - a potion of ambrosia {unknown}
 e - 2 potions of resistance
 g - a potion of heal wounds {unknown}


   Skills:
 + Level 1.6 Fighting
 + Level 2.4 Dodging
 + Level 3.3 Unarmed Combat
 * Level 3.6 Shapeshifting


You had 2 spell levels left.
You didn't know any spells.
Your spell library was empty.

Dungeon Overview and Level Annotations

Branches:
Dungeon (3/15)

Altars:

Shops:
D:2 (


Innate Abilities, Weirdness & Mutations

You are a hulking beast.
Your limbs bulge with bestial killing power. (Slay +2)
You cannot wear most types of armour.
You are amphibious.
You can wear up to eight rings at the same time.
Your skin changes colour to match your surroundings (Stealth+).
Your rubbery body absorbs attacks. (AC +1, EV +1)
((You are camouflaged when in or above water. (Stealth+)))
You have tentacles for arms and can constrict up to eight enemies at once.


Message History

a +0 club; a kobold corpse You now have 76 gold pieces (gained 5).
An adder comes into view.
A black bear comes into view.
You throw a stone. The stone closely misses the adder.
The stone barely misses the black bear.
The adder hisses angrily.
The black bear growls angrily.
You throw a stone. The stone barely misses the black bear.
The stone barely misses the adder.
There are monsters nearby!
The black bear bites you. The black bear completely misses you.
The black bear claws you.
You are too injured to fight recklessly!
You are too injured to fight recklessly!
There are monsters nearby!
You are too injured to fight recklessly!
You are too injured to fight recklessly!
You are too injured to fight recklessly!
There are monsters nearby!
You barely miss the black bear. Your grab misses the black bear.
You squeeze the black bear.
The black bear is lightly wounded.
The black bear bites you. The black bear claws you. x2
You tentacle-slap the black bear. You grab the black bear.
The black bear is lightly wounded.
You constrict the black bear. The adder bites you.
* * * LOW HITPOINT WARNING * * *
You are lethally poisoned!
The adder poisons you!
You tentacle-slap the black bear. You squeeze the black bear!
The black bear is severely wounded.
You constrict the black bear.
* * * LOW HITPOINT WARNING * * *
You feel sick. The adder barely misses you.
The black bear goes berserk!
The adder bites you but does no damage.
You tentacle-slap the black bear.
The black bear is almost dead.
You constrict the black bear.
* * * LOW HITPOINT WARNING * * *
You feel sick. The black bear misses you. The black bear claws you!
You die...

### #<#########
#.........#
#.........#
#.........#
#...).....#
#...).....#
#.........#
#....((h..#
#.....(Sh.+
#.........#
##....?.....
.............
..##...##.......
.. #... .......
#... ....###


You could see a black bear (berserk) and an adder.

Vanquished Creatures
  2 adders (D:2)
  A ribbon worm (D:2)
  A ball python (D:2)
  4 endoplasms
  2 giant cockroaches (D:1)
  A goblin (D:1)
  A hobgoblin (D:2)
  3 jackals (D:1)
  4 kobolds
  A quokka (D:2)
  4 bats
  A frilled lizard (D:1)
  A rat (D:1)
26 creatures vanquished.

Notes
Turn   | Place    | Note
-------+----------+-------------------------------------------
     0 | D:1      | Killerpretzel the Octopode Shapeshifter began the quest for
                  | the Orb.
     0 | D:1      | Reached XP level 1. HP: 13/13 MP: 1/1
   281 | D:1      | Reached XP level 2. HP: 18/18 MP: 2/2
   759 | D:2      | Reached XP level 3. HP: 23/23 MP: 3/3
   914 | D:2      | Found Quwuafus's Weapon Shop.
  1450 | D:3      | Noticed a black bear
  1458 | D:3      | Slain by a black bear

Illustrated notes

Levels and vault maps discovered:
D:1:      lightli_arrival_isolated_outpost, layout_loops_ring
D:2:      layout_basic, serial_shops, nicolae_shop_bloodbath_and_beyond,
          lightli_corner_chamber
D:3:      cheibrodos_pilgrimage, layout_basic, lemuel_coloured_pillars_altar,
          nicolae_ashenzari_panopticon, shapermc_ecumenical_altar_notcrosses,
          chequers_mini_garden

Action                     || total
---------------------------++-------
  Melee: Unarmed           ||    41
         Constrict         ||    12
         Tentacles         ||     9
         Punch             ||     5
  Throw: Stone             ||     6
         Dart              ||    35
    Use: Scroll            ||     5
   Stab: Sleeping          ||     3
 Armour: Skin              ||    27
  Dodge: Dodged            ||    26
